 Dungeon Crawl Stone Soup version 0.27-a0-998-g4cfe56dd59 (webtiles) character file.

Game seed: 3067127641603535536

170 spiderkeys the Distorting Demonspawn (level 5, -3/42 HPs)
             Began as a Demonspawn Abyssal Knight on Apr 17, 2021.
             Was a Believer of Lugonu.
             Slain by Ijyb
             ... wielding a +1 dagger of electrocution
              (20 damage)
             ... on level 4 of the Dungeon.
             The game lasted 00:05:11 (4109 turns).

spiderkeys the Distorting Demonspawn (DsAK)         Turns: 4109, Time: 00:05:12

Health: -3/42      AC:  6    Str: 13    XL:     5   Next: 26%
Magic:  7/7        EV: 11    Int: 14    God:    Lugonu [**....]
Gold:   89         SH:  0    Dex: 12    Spells: 4/4 levels left

rFire    . . .     SeeInvis .   a - +2 spear (freeze)
rCold    . . .     Faith    .   (no shield)
rNeg     . . .     Spirit   .   b - +0 leather armour
rPois    +         Reflect  .   (helmet restricted)
rElec    .         Harm     .   e - +1 cloak {rPois}
rCorr    .         Rampage  .   n - +0 pair of gloves
Will     .....                  (no boots)
Stlth    +.........             (no amulet)
HPRegen  0.14/turn              (no ring)
MPRegen  0.10/turn              (no ring)

@: no status effects
A: antennae 2, demonic guardian 1, demonic magic 1
a: Renounce Religion, Depart the Abyss, Bend Space


You were on level 4 of the Dungeon.
You worshipped Lugonu.
Lugonu was pleased with you.
You visited 1 branch of the dungeon, and saw 4 of its levels.
You visited the Abyss 1 time.

You collected 152 gold pieces.
You spent 63 gold pieces at shops.


Innate Abilities, Weirdness & Mutations

You have a pair of antennae on your head.
A weak demonic guardian rushes to your aid.
Spells you cast may paralyse adjacent enemies.


   Skills:
 + Level 3.7 Fighting
 * Level 3.4 Polearms
 + Level 2.7 Armour
 - Level 1.0 Dodging
 + Level 3.8 Invocations


You had 4 spell levels left.
You didn't know any spells.
Your spell library contained the following spells:

 Spells                   Type           Power      Damage    Failure   Level
 Magic Dart               Conj           0%         1d3       36%         1
 Shock                    Conj/Air       0%         1d3       36%         1
 Corpse Rot               Necr/Air       N/A        N/A       50%         2
 Agony                    Necr           0%         N/A       100%        5
 Borgnjor's Vile Clutch   Necr/Erth      0%         N/A       100%        5
 Starburst                Conj/Fire      0%         8x6d3     100%        6

Inventory:

Hand Weapons
 a - a +2 spear of freezing (weapon)
Missiles
 c - 58 stones
 i - 40 sling bullets
 k - 12 boomerangs
 o - 50 bolts
Armour
 b - a +0 leather armour (worn)
 e - a +1 cloak of poison resistance (worn)
   (You found it on level 1 of the Abyss)
 n - a +0 pair of gloves (worn)
   (You bought it in a shop on level 1 of the Dungeon)
Scrolls
 g - 4 scrolls of teleportation {@r4}
 j - a scroll of fear
 p - a scroll of enchant weapon
 q - a scroll of fog
 t - a scroll of magic mapping {!r}
Potions
 d - a potion of berserk rage {!q}
 h - a potion of brilliance {unknown}
 l - a potion of attraction {unknown}
 m - 2 potions of flight
 s - a potion of ambrosia {unknown}
 u - 2 potions of curing {unknown}

Dungeon Overview and Level Annotations

Branches:
Dungeon (4/15)
 Temple: D:4-7

Altars:
Xom

Shops:
D:1 [

Annotations:
D:4 Ijyb

#+##
##...##
##.....##
##.......##
#....<....#
+..g.>....+
#..@5.....#
##.......##
##<....##
##...##
#+##


You could see Ijyb (ally target) and a friendly ufetubus (summoned).


Message History

You are too injured to fight recklessly!
You are too injured to fight recklessly!
You are too injured to fight recklessly!
You are too injured to fight recklessly!
You are too injured to fight recklessly!
You swap places.
The orc hits your white imp with a +0 mace!
Your white imp gestures at the orc.
The puff of frost hits the orc!
The orc dies!
Lugonu accepts your kill.
You are too injured to fight recklessly!
You are too injured to fight recklessly!
You are too injured to fight recklessly!
Reach: a) +2 spear
Press: ? - help, Dir - move target, f - you That would be overly suicidal.
Okay, then.
Reach: a) +2 spear
Press: ? - help, Dir - move target, f - orc
Aim: an orc, wielding a +0 war axe (about 36% to evade your +2 spear)
You reach to attack!
You hit the orc. The orc barely misses your white imp.
Your white imp hits the orc.
Your white imp freezes the orc.
The orc dies!
Lugonu accepts your kill. 😮 HP[+1] Unknown command.
Your white imp disappears in a puff of smoke!
Key pressed, stopping explore.
Key pressed, stopping explore.
Items here: )))) [[ †. 😎 HP[+14]
Your hp is fully restored (42).
u - 2 viscous orange potions (gained 1) Key pressed, stopping explore.
You see here a +0 dagger.
Things that are here:
a +0 dagger; a +0 robe; a +0 dagger
There is a large open door here.
Key pressed, stopping explore.
There is a large open door here.
A kobold comes into view. It is wielding a +0 short sword.
A kobold is nearby!
A kobold is nearby!
The kobold shouts!
You hit the kobold. The kobold misses you.
You hit the kobold.
You kill the kobold!
Lugonu accepts your kill.
No target in view!
No target in view!
You see here a +0 short sword.
You see here a +0 short sword.
Key pressed, stopping explore.
Key pressed, stopping explore.
Items here: )))) [.
Things that are here:
a +0 short sword; a +0 leather armour Done exploring.
Done exploring.
As you read the scroll labelled JIMY OTACOMN, it crumbles to dust.
It is a scroll of brand weapon.
Your +2 spear is covered with a thin layer of ice!
a - a +2 spear of freezing (weapon)
Done exploring.
Drop what? 20/52 slots (_ for help) (? for menu, Esc to quit)
You drop a potion of degeneration {!q}.
There is a stone staircase leading down here.
You climb downwards.
An endoplasm and Ijyb come into view.
Ijyb is wielding a +1 dagger of electrocution and carrying a wand of iceblast (11).
Ijyb shouts!
The endoplasm quivers.
Found a grey potion.
Found an escape hatch in the floor.
Found a stone staircase leading up.
There is a stone staircase leading up here.
You aren't carrying any pieces of jewellery.
You hit the endoplasm. You freeze the endoplasm.
You kill the endoplasm!
Lugonu accepts your kill.
You see here a grey potion.
You hit Ijyb but do no damage.
Ijyb hits you with a +1 dagger of electrocution.
You are electrocuted!!
* * * LOW HITPOINT WARNING * * *
A demonic guardian appears! 😨 HP[-21]
You take 21 damage, and now have 21/42 hp.
MASSIVE DAMAGE!! (PAUSE)
You are too injured to fight recklessly!
You barely miss Ijyb.
Ijyb hits you with a +1 dagger of electrocution.
* * * LOW HITPOINT WARNING * * *
😨 HP[-4]
You take 4 damage, and now have 17/42 hp.
You hit Ijyb but do no damage. Ijyb hits you but does no damage.
You hit Ijyb but do no damage. Your ufetubus hits Ijyb.
Your ufetubus barely misses Ijyb.
Ijyb hits you but does no damage.
You are electrocuted!!
You die...

Skill      XL: |  1  2  3  4 |
---------------+-------------+-----
Dodging        | 1 |  1.0
Polearms       | 2 3 |  3.4
Armour         | 2 |  2.7
Invocations    | 3 |  3.8
Fighting       | |  3.7

Action                   |  1- 3 |  4- 6 || total
-------------------------+-------+-------++-------
Melee: Spear             |   127 |   131 ||   258
Invok: Depart the Abyss  |     1 |       ||     1
  Use: Scroll            |     6 |     4 ||    10
 Stab: Sleeping          |     2 |       ||     2
Armor: Leather armour    |    37 |    30 ||    67
Dodge: Dodged            |    66 |    55 ||   121

Levels and vault maps discovered:
D:1:      minmay_arrival_jagged, layout_loops_corners, serial_shops,
          nicolae_shop_trees, ebering_ecumenical_altar_petrified,
          kennysheep_flooded_box
D:2:      layout_basic
D:3:      kennysheep_big_flooded_room, layout_loops_ring, amethyst_killhole,
          minmay_box_of_dots
D:4:      layout_loops_corners, serial_shops, shop, uniq_duvessa, uniq_ijyb

Notes
Turn   | Place    | Note
-------+----------+-------------------------------------------
     0 | Abyss:1  | spiderkeys the Demonspawn Abyssal Knight began the quest
                  | for the Orb.
     0 | Abyss:1  | Reached XP level 1. HP: 18/18 MP: 2/2
     0 | Abyss:1  | magus.rc [v1.9.10]
    61 | Abyss:1  | Found a corrupted altar of Lugonu.
   178 | Abyss:1  | Found a corrupted altar of Lugonu.
   183 | Abyss:1  | Noticed an ancient zyme
   215 | Abyss:1  | Noticed an apocalypse crab
   215 | Abyss:1  | Noticed a tentacled starspawn
   238 | Abyss:1  | Found a corrupted altar of Lugonu.
   265 | Abyss:1  | Found a burning altar of Makhleb.
   287 | Abyss:1  | Noticed an eidolon
   289 | D:1      | You pass through the gate.
   289 | D:1      | Escaped the Abyss
   331 | D:1      | Reached skill level 1 in Dodging
   336 | D:1      | Reached skill level 2 in Polearms
   452 | D:1      | Gained mutation: Spells you cast may paralyse adjacent
                  | enemies. [demonic ancestry]
   452 | D:1      | Reached XP level 2. HP: 24/24 MP: 4/4
   769 | D:1      | You fall into a shaft and drop 1 floor!
   784 | D:2      | Reached skill level 2 in Armour
  1010 | D:2      | Reached * piety under Lugonu
  1238 | D:2      | Gained mutation: You have a pair of small antennae on your
                  | head. [demonic ancestry]
  1238 | D:2      | Reached XP level 3. HP: 26/29 MP: 5/5
  1247 | D:2      | Reached skill level 3 in Invocations
  2512 | D:1      | Found a faded altar of an unknown god.
  2560 | D:1      | Found a shimmering altar of Xom.
  2604 | D:1      | Gained mutation: A weak demonic guardian rushes to your
                  | aid. [demonic ancestry]
  2604 | D:1      | Reached XP level 4. HP: 35/35 MP: 6/6
  2636 | D:1      | Found Ivathrue's Armour Emporium.
  2641 | D:1      | Identified the Tome of Evil Attacks
  2642 | D:1      | You add the spells Shock, Magic Dart, Corpse Rot,
                  | Borgnjor's Vile Clutch, Agony and Starburst to your
                  | library.
  2645 | D:1      | Bought a +0 pair of gloves for 63 gold pieces
  3239 | D:3      | Reached skill level 3 in Polearms
  3251 | D:3      | Reached ** piety under Lugonu
  3300 | D:3      | Gained mutation: You have a pair of antennae on your head.
                  | [demonic ancestry]
  3300 | D:3      | Reached XP level 5. HP: 18/42 MP: 7/7
  4102 | D:4      | Noticed Ijyb
  4109 | D:4      | Slain by Ijyb

Vanquished Creatures
  An orc wizard (D:3)
  A scorpion zombie (D:3)
  4 adders
  3 worms
  7 orcs (D:3)
  7 ball pythons
  6 bats
  6 endoplasms
  4 goblins
  3 hobgoblins
  7 jackals
  A quokka (D:2)
  3 frilled lizards
  3 kobolds
  5 rats
61 creatures vanquished.

Vanquished Creatures (collateral kills)
  5 orcs (D:3)
  A goblin (D:3)
  A ball python (D:3)
7 creatures vanquished.

Vanquished Creatures (others)
  A starspawn tentacle (Abyss:1)
1 creature vanquished.

Grand Total: 69 creatures vanquished

Table legend:
 A = Non-vault XP
 B = Vault XP
 C = Vault XP percentage of total XP
 D = Non-vault monster count
 E = Vault monster count
 F = Vault count percentage of total count
                 A         B        C        D         E       F
            +---------+---------+-------+---------+---------+-------
      Total |     207 |      37 |  15.2 |      64 |       4 |   5.9
            +---------+---------+-------+---------+---------+-------
        D:1 |      31 |       0 |   0.0 |      17 |       0 |   0.0
        D:2 |      69 |       0 |   0.0 |      18 |       0 |   0.0
        D:3 |     105 |      37 |  26.1 |      28 |       4 |  12.5
        D:4 |       2 |       0 |   0.0 |       1 |       0 |   0.0
            +---------+---------+-------+---------+---------+-------

Illustrated notes

Table legend:
 A = Kills in this place as a percentage of kills in entire the game.
 B = Kills by you in this place as a percentage of kills by you in the entire game.
 C = Kills by friends in this place as a percentage of kills by friends in the entire game.
 D = Other kills in this place as a percentage of other kills in the entire game.
 E = Experience gained in this place as a percentage of experience gained in the entire game.
 F = Experience gained in this place divided by the number of levels of this place that you have seen.
                   A       B       C       D       E      F
               +-------+-------+-------+-------+-------+----------------------
         Total | 100.0 | 100.0 | 100.0 |   N/A | 100.0 |  48.8
       Dungeon | 100.0 | 100.0 | 100.0 |   N/A | 100.0 |  61.0
               +-------+-------+-------+-------+-------+----------------------

Table legend: (Time is in decaauts)
 A = Elapsed time spent in this place.
 B = Non-inter-level travel time spent in this place.
 C = Inter-level travel time spent in this place.
 D = Time resting spent in this place.
 E = Time spent auto-exploring this place.
 F = Levels seen in this place.
 G = Mean time per level.
                   A        B        C        D        E       F      G
               +--------+--------+--------+--------+--------+-----+--------+
         Total |   4099 |   3960 |    139 |    325 |   3087 |   5 |  819.8 |
       Dungeon |   3810 |   3671 |    139 |    325 |   2906 |   4 |  952.5 |
         Abyss |    289 |    289 |      0 |      0 |    181 |   1 |  289.0 |
               +--------+--------+--------+--------+--------+-----+--------+

Top non-repeatable levels by time:
     D:2: 1507 daAuts
     D:3: 1244 daAuts
     D:1: 1052 daAuts
 Abyss:1: 289 daAuts
     D:4: 6 daAuts
